 Dungeon Crawl Stone Soup version 0.30-a0-930-gb9d0489357 (webtiles) character file.

Game seed: 9171563566816446730

8506 ytrimaz the Severer (level 11, -1/67 (75) HPs)
             Began as a Formicid Fighter on Mar 23, 2023.
             Was a Priest of Okawaru.
             Slain by a centaur
             ... wielding a +0 spear
              (2 damage)
             ... in a bailey.
             The game lasted 00:13:33 (10839 turns).

ytrimaz the Severer (Formicid Fighter)             Turns: 10839, Time: 00:13:33

HP:   -1/67 (75)    AC: 16    Str: 30    XL:     11   Next: 57%
MP:   11/11         EV:  7    Int:  7    God:    Okawaru [***...]
Gold: 280           SH: 10    Dex: 13    Spells: 10/10 levels left

rFire   . . .      SeeInvis +    v - +1 battleaxe (flame)
rCold   . . .      Faith    .    c - +0 buckler
rNeg    . . .      Spirit   .    F - +0 plate armour
rPois   +          Reflect  +    (helmet unavailable)
rElec   .          Rampage  .    m - +0 cloak {rPois}
rCorr   .                        b - +0 pair of gloves
Will    +....                    n - +2 pair of boots Stlth
                                 G - amulet of Itwov {Reflect *Slow Str+4 SH+5 Stlth+}
HPRegen 0.31/turn                (no ring)
MPRegen 0.12/turn                (no ring)

@: heavily drained
A: permanent stasis, dig shafts and tunnels, antennae 3, four strong arms
a: Dig, Renounce Religion, Heroism


You were in a bailey.
You worshipped Okawaru.
Okawaru was most pleased with you.
You visited 2 branches of the dungeon, and saw 10 of its levels.
You also visited: Ossuary and Bailey.

You collected 520 gold pieces.
You spent 240 gold pieces at shops.


Innate Abilities, Weirdness & Mutations

You cannot be hasted, slowed, berserked, paralysed or teleported.
You can dig through walls and to a lower floor.
You have a pair of large antennae on your head. (SInv)
Your four strong arms can wield two-handed weapons with a shield.


   Skills:
 - Level 3.2 Fighting
 + Level 16.9 Axes
 - Level 3.2 Armour
 - Level 4.6 Shields


You had 10 spell levels left.
You didn't know any spells.
Your spell library contained the following spells:

 Spells                   Type           Power      Damage    Failure   Level
 Kiss of Death            Conj/Necr      0%         2d5       99%         1
 Sublimation of Blood     Necr           0%         N/A       100%        2
 Wereblood                Tmut           0%         N/A       100%        2
 Confusing Touch          Hex            0%         N/A       100%        3
 Cause Fear               Hex            0%         N/A       100%        4
 Dispel Undead            Necr           0%         3d6       100%        4
 Dragon Form              Tmut           0%         N/A       100%        7
 Summon Hydra             Summ           Unusable   N/A       N/A         7
 Dragon's Call            Summ           Unusable   N/A       N/A         9

Inventory:

Hand Weapons
 a - a +0 war axe
 v - a +1 battleaxe of flaming (weapon)
   (You found it in an ossuary)
 w - a +1 heavy battleaxe
   (You found it on level 7 of the Dungeon)
 B - a +0 vampiric broad axe
   (You found it in a bailey)
Armour
 b - a +0 pair of gloves (worn)
   (You found it on level 9 of the Dungeon)
 c - a +0 buckler (worn)
 m - a +0 cloak of poison resistance (worn)
   (You found it on level 3 of the Dungeon)
 n - a +2 pair of boots (worn)
   (You found it on level 3 of the Dungeon)
 A - a +2 tower shield of reflection
   (You bought it in a shop on level 1 of the Dungeon)
 C - a +0 pair of boots of rampaging
   (You found it in a bailey)
 F - a +0 plate armour (worn)
   (You took it off an orc warrior on level 7 of the Dungeon)
Jewellery
 i - a +6 ring of intelligence
   (You found it on level 1 of the Dungeon)
 G - the amulet of Itwov (around neck) {Reflect *Slow Str+4 SH+5 Stlth+}
   (You found it on level 8 of the Dungeon)

   [amulet of reflection]

   It reflects blocked missile attacks.
   Str:       It affects your strength (+4).
   *Slow:     It may slow you when you take damage.
   SH:        It affects your SH (+5).
   Stlth:     It makes you more stealthy.
Wands
 t - a wand of flame (2) (quivered)
   (You took it off a kobold on level 5 of the Dungeon)
 y - a wand of polymorph (2)
   (You found it on level 6 of the Dungeon)
Scrolls
 d - 3 scrolls of enchant armour
 j - a scroll of fog
 r - a scroll of fear
 s - a scroll of poison
 x - 3 scrolls of enchant weapon
Potions
 e - a potion of magic
 f - 4 potions of mutation
 g - 2 potions of flight
 h - 2 potions of cancellation
 k - a potion of might
 l - a potion of lignification {unknown}
 o - a potion of resistance {unknown}
 p - 2 potions of brilliance {unknown}
 q - 8 potions of curing
 u - 3 potions of attraction
 z - a potion of berserk rage {unknown}
 H - a potion of haste {unknown}

Dungeon Overview and Level Annotations

Branches:
Dungeon (9/15) Zot: 26846  Temple (1/1) D:6 Zot: 5850 Ossuary (visited)
 Bailey (1/1) Zot: 4963
   Lair: D:8-11         Orc: D:9-12

Altars:
Cheibriados
Dithmenos
Elyvilon
Fedhas
Gozag
Hepliaklqana
Kikubaaqudgha
Makhleb
Nemelex Xobeh
Okawaru
Sif Muna
Trog
Uskayaw
Vehumet
Wu Jian
Xom
Yredelemnul
The Shining One

Shops:
D:1 =:[   D:7 :

Annotations:
D:4 2 transporters, DeathPants's ghost, amateur VSMo
D:8 2 transporters, Rudyous's ghost, novice GnFE

#≈≈≈.≈≈.⌠..≈≈≈≈≈..⌠.≈≈.≈≈≈#
#≈≈≈≈.≈.....≈≈≈...).≈)≈≈≈≈#
#≈≈≈≈.≈≈≈.........≈≈≈.≈≈≈≈#
#≈≈≈≈≈.)≈≈≈.....≈≈≈.)≈≈≈≈≈#
#≈≈≈≈≈≈≈))≈#...#≈.)≈≈≈≈≈≈≈#
##≈≈≈≈≈≈≈≈.#..)#)≈≈≈≈≈≈≈≈##
##≈≈≈≈≈≈≈≈#.).#≈≈≈≈≈≈≈≈##
##≈≈≈≈≈≈≈#)c.#≈≈≈≈≈≈≈##
#########@''#########
##.......)c..........##
##.....).).).).........##
##.......⌠#######⌠.......##
#≈....#####.)..)#####....≈#
#≈...##....≈≈≈≈≈)...##...≈#
#≈...#.⌠.≈≈≈..)≈≈≈.⌠.#...≈#
#≈)..#.)≈≈..≈.≈).≈≈..#...≈#
#≈.)⌠#.≈≈.≈≈≈.≈≈≈.≈≈.#⌠[.≈#


You could see 2 centaurs.


Message History

You feel drained.
The centaur throws a javelin.
The javelin pierces through you! 😮 HP[-11]
You now have 72 max hp (-3).
You take 11 damage, and now have 38/72 hp.
You feel drained.
You now have 69 max hp (-3).
You feel drained.
The centaur throws a javelin.
The javelin pierces through you but does no damage. 😮 HP[+1]
You now have 67 max hp (-2).
You float gracefully downwards.
The centaur throws a javelin.
The javelin pierces through you but does no damage.
The centaur throws a javelin.
The javelin barely misses you.
Unknown command. 😮 HP[+1]
The centaur throws a javelin.
The javelin pierces through you!
* * * LOW HITPOINT WARNING * * *
The centaur throws a javelin.
The javelin barely misses you.
Things that are here:
a +0 trident; a +0 scale mail; 😨 HP[-8]
You take 8 damage, and now have 32/67 hp.
The centaur throws a javelin.
The javelin pierces through you.
* * * LOW HITPOINT WARNING * * *
Items here: )) [[. 😨 HP[-5]
You take 5 damage, and now have 27/67 hp.
The centaur throws a javelin.
The javelin pierces through you.
* * * LOW HITPOINT WARNING * * *
The centaur throws a javelin.
The javelin pierces through you.
* * * LOW HITPOINT WARNING * * *
There is an open gate, spattered with blood here. 😨 HP[-3]
You take 3 damage, and now have 24/67 hp.
The centaur throws a javelin.
The javelin pierces through you but does no damage.
You see here a +0 chain mail.
The centaur throws a javelin.
The javelin pierces through you.
* * * LOW HITPOINT WARNING * * *
😨 HP[-1]
You take 1 damage, and now have 23/67 hp. 😨 HP[+1]
The centaur hits you but does no damage.
You block the orc's attack.
You slice the orc!! You burn the orc.
You kill the orc!
You block the centaur's attack.
The centaur hits you but does no damage.
You block the centaur's attack.
The centaur kicks you but does no damage.
The centaur closely misses you. The centaur barely misses you.
The centaur hits you from afar with a +0 spear.
* * * LOW HITPOINT WARNING * * *
Items here: ) [[ †. 😨 HP[-4]
You take 4 damage, and now have 20/67 hp.
You hit the centaur but do no damage.
The centaur hits you but does no damage.
The centaur closely misses you. The centaur barely misses you.
You hit the centaur but do no damage.
The centaur throws a javelin.
The javelin pierces through you.
* * * LOW HITPOINT WARNING * * *
The centaur hits you with a +0 halberd.
* * * LOW HITPOINT WARNING * * *
The centaur kicks you but does no damage. 😱 HP[-5]
You take 5 damage, and now have 15/67 hp.
Unknown command.
You block the centaur's attack.
The centaur kicks you but does no damage.
The centaur hits you with a +0 halberd.
* * * LOW HITPOINT WARNING * * *
You block the centaur's attack. The centaur hits you with a +0 spear.
* * * LOW HITPOINT WARNING * * *
The centaur kicks you.
* * * LOW HITPOINT WARNING * * *
The centaur closely misses you.
The centaur kicks you but does no damage.
There is an open gate, spattered with blood here. 😱 HP[-8]
You take 8 damage, and now have 7/67 hp.
You feel better.
The centaur hits you but does no damage.
The centaur kicks you but does no damage.
The centaur hits you with a +0 halberd.
* * * LOW HITPOINT WARNING * * *
The centaur kicks you but does no damage. 😱 HP[+3]
You regained 3 hp, and now have 10/67 hp.
You hit the centaur. You burn the centaur. You barely miss the centaur.
The centaur hits you but does no damage.
The centaur kicks you.
* * * LOW HITPOINT WARNING * * *
The centaur hits you but does no damage.
The centaur kicks you but does no damage.
The centaur hits you with a +0 spear.
* * * LOW HITPOINT WARNING * * *
The centaur kicks you.
You die...

Skill      XL: |  1  2  3  4  5  6  7  8  9 10 11 |
---------------+----------------------------------+-----
Axes           | 3 4 5 7 8 10 13 15 16 | 16.9
Fighting       | |  3.2
Armour         | |  3.2
Shields        | |  4.6

Action                     |  1- 3 |  4- 6 |  7- 9 | 10-12 || total
---------------------------+-------+-------+-------+-------++-------
  Melee: War axe           |   116 |   117 |   330 |    32 ||   595
         Battleaxe         |       |       |       |   320 ||   320
 Invoke: Heroism           |       |       |       |     2 ||     2
Ability: Dig               |       |       |     1 |     1 ||     2
  Evoke: Wand              |       |       |     4 |     6 ||    10
    Use: Scroll            |     2 |     4 |     6 |     9 ||    21
         Potion            |       |     1 |     4 |     6 ||    11
 Armour: Scale mail        |    42 |    49 |   143 |    35 ||   269
         Ring mail         |       |       |       |    56 ||    56
         Plate armour      |       |       |       |   139 ||   139
  Dodge: Dodged            |    56 |    53 |   121 |   164 ||   394
  Block: Buckler           |    27 |    32 |    54 |   178 ||   291
         Reflection        |       |       |       |     5 ||     5

Levels and vault maps discovered:
D:1:      minmay_arrival_arboretum_small, layout_loops_ring, serial_shops, shop,
          shop_fountains, shop, grunt_decor_cap, st_stairs_8, patterned_corridor
D:2:      layout_rooms, dk_noncrumbling_3, hangedman_decor_riveting,
          minmay_misc_feat_hallway, feat_on_display, uniq_terence
D:3:      wad_river_or_something, layout_loops_ring,
          dreamdust_ecumenical_altar_angels_and_demons, uniq_jessica
D:4:      minmay_bubble_buster, layout_layer_cave, mainiacjoe_overflow_catwalk,
          gammafunk_ghost_stat_death, uniq_eustachio, uniq_sigmund,
          uniq_blork_the_orc
D:5:      dreamdust_elfheim, layout_rooms, overflow_temple_1_default,
          vehumet_altar_wand_db, slow_altar_2
D:6:      layout_rooms, kennysheep_ying_yang, mainiacjoe_overflow_tiny_flanked,
          minmay_temple_entry_stoned_glass, serial_undead, serial_undead_b,
          serial_undead_e, serial_undead_b, serial_undead_e, enter_ossuary_2,
          lemuel_flamethrower_2, uniq_duvessa, uniq_edmund
D:7:      layout_cave_pods, makhleb_heckhound_becter, serial_shops, shop
D:8:      layout_loops_corners, grunt_temple_overflow_growth_and_decay,
          mainiacjoe_overflow_six_doors_small,
          gammafunk_ghost_wrathful_warriors, chequers_avenue,
          kb_lookout_dungeons_type, uniq_psyche
D:9:      layout_roguey, enter_bailey_4, minivault_27, nicolae_wwwww,
          chequers_serial_rivers_micro_d, minmay_misc_feat_room, uniq_joseph
Temple:   nicolae_temple_superstar
Bailey:   bailey_polearm_flooded_kennysheep, bailey

Notes
Turn   | Place    | Note
-------+----------+-------------------------------------------
     0 | D:1      | ytrimaz the Formicid Fighter began the quest for the Orb.
     0 | D:1      | Reached XP level 1. HP: 18/18 MP: 1/1
     0 | D:1      | magus.rc [v1.9.6]
   177 | D:1      | Reached XP level 2. HP: 24/24 MP: 2/2
   238 | D:1      | Reached skill level 3 in Axes
   314 | D:1      | Reached XP level 3. HP: 27/29 MP: 3/3
   388 | D:1      | Found Ywkumor's Book Emporium.
   708 | D:1      | Found Fois's Jewellery Boutique.
   808 | D:1      | Found Xuiheh's Armour Emporium.
  1306 | D:2      | Noticed Terence
  1318 | D:2      | Killed Terence
  1319 | D:2      | Reached skill level 4 in Axes
  1319 | D:2      | Reached XP level 4. HP: 22/35 MP: 4/4
  1592 | D:3      | Found a faded altar of an unknown god.
  1744 | D:3      | Reached XP level 5. HP: 31/41 MP: 5/5
  1754 | D:3      | Reached skill level 5 in Axes
  2343 | D:3      | Reached XP level 6. HP: 37/47 MP: 6/6
  2532 | D:3      | Noticed Jessica
  2535 | D:3      | Killed Jessica
  2536 | D:3      | Reached skill level 6 in Axes
  2708 | D:4      | Noticed Eustachio
  2836 | D:4      | Killed Eustachio
  2900 | D:4      | Noticed Sigmund
  2908 | D:4      | Reached skill level 7 in Axes
  2908 | D:4      | Reached XP level 7. HP: 43/52 MP: 7/7
  2916 | D:4      | Killed Sigmund
  2992 | D:4      | Found a transporter.
  2992 | D:4      | Noticed DeathPants's ghost (amateur VSMo)
  3034 | D:4      | Reached skill level 8 in Axes
  3063 | D:4      | Found a bloodstained altar of Trog.
  3169 | D:4      | Identified the +2 spear of Quick Death {antimagic, *Corrode
                  | Str+5}
  3181 | D:4      | Reached XP level 8. HP: 56/58 MP: 8/8
  3242 | D:4      | HP: 10/58 [iguana (6)]
  3371 | D:4      | Found a transporter.
  3376 | D:4      | Noticed a yak
  3376 | D:4      | Noticed a yak
  3377 | D:4      | Noticed a yak
  3377 | D:4      | Noticed a yak
  3390 | D:4      | Killed a yak
  3391 | D:4      | Reached skill level 9 in Axes
  3393 | D:4      | Killed a yak
  3399 | D:4      | Killed a yak
  3400 | D:4      | Reached skill level 10 in Axes
  3406 | D:4      | Killed a yak
  3896 | D:4      | You pick up a book of the Dragon and begin reading...
  3896 | D:4      | You add the spells Cause Fear, Dragon Form and Dragon's
                  | Call to your library.
  3923 | D:4      | Reached XP level 9. HP: 30/64 MP: 9/9
  4433 | D:4      | Noticed Blork the orc
  4440 | D:4      | Killed Blork the orc
  4632 | D:5      | Entered Level 5 of the Dungeon
  4632 | D:5      | Found a shimmering blue altar of Sif Muna.
  4646 | D:5      | Reached skill level 11 in Axes
  4852 | D:5      | Found a radiant altar of Vehumet.
  5146 | D:5      | Noticed Duvessa
  5146 | D:5      | Noticed Dowan
  5163 | D:5      | Killed Duvessa
  5172 | D:5      | Killed Dowan
  5289 | D:5      | Found a snail-covered altar of Cheibriados.
  5296 | D:5      | Reached skill level 12 in Axes
  5368 | D:6      | Noticed Edmund
  5369 | D:6      | Found a hide-covered altar of Uskayaw.
  5386 | D:6      | Killed Edmund
  5683 | D:6      | Found a sand-covered staircase.
  5688 | Ossuary  | Entered an ossuary
  5812 | Ossuary  | Reached skill level 13 in Axes
  5812 | Ossuary  | Reached XP level 10. HP: 68/70 MP: 10/10
  6105 | D:6      | Found a staircase to the Ecumenical Temple.
  6166 | D:6      | Found a basalt altar of Yredelemnul.
  6239 | D:6      | Found a white marble altar of Elyvilon.
  6537 | Temple   | Entered the Ecumenical Temple
  6658 | Temple   | Became a worshipper of Warmaster Okawaru
  6853 | D:7      | Reached skill level 14 in Axes
  7011 | D:7      | You pick up a book of Touch and begin reading...
  7011 | D:7      | You add the spells Kiss of Death, Confusing Touch and
                  | Dispel Undead to your library.
  7101 | D:7      | Reached * piety under Okawaru
  7111 | D:7      | HP: 17/70 [orc warrior/+0 trident (5)]
  7120 | D:7      | HP: 14/70 [yak (6)]
  7125 | D:7      | HP: 10/70 [yak (3)]
  7495 | D:7      | Found Xasam's Book Shoppe.
  7501 | D:7      | Reached skill level 15 in Axes
  7591 | D:7      | You pick up a book of Blood and begin reading...
  7591 | D:7      | You add the spells Sublimation of Blood and Wereblood to
                  | your library.
  7792 | D:7      | Found a burning altar of Makhleb.
  8291 | D:1      | Bought a +2 tower shield of reflection for 240 gold pieces
  8573 | D:8      | Identified the amulet of Itwov {Reflect *Slow Str+4 SH+5
                  | Stlth+}
  8716 | D:8      | Reached ** piety under Okawaru
  8732 | D:8      | Noticed Psyche
  8739 | D:8      | Killed Psyche
  8740 | D:8      | Reached XP level 11. HP: 75/75 MP: 11/11
  8887 | D:8      | Found an ancient bone altar of Kikubaaqudgha.
  8891 | D:8      | Found a blossoming altar of Fedhas.
  8951 | D:8      | Found an ornate altar of the Wu Jian Council.
  9018 | D:8      | Noticed a two-headed ogre
  9024 | D:8      | Killed a two-headed ogre
  9024 | D:8      | Reached *** piety under Okawaru
  9232 | D:8      | Found a transporter.
  9249 | D:8      | Noticed a moth of wrath
  9249 | D:8      | Noticed Rudyous's ghost (novice GnFE)
  9261 | D:8      | Found a transporter.
  9265 | D:8      | Found a bloodstained altar of Trog.
  9296 | D:8      | Noticed a two-headed ogre
  9381 | D:8      | Reached skill level 16 in Axes
  9711 | D:9      | Noticed Joseph
  9712 | D:9      | Found a flagged portal.
  9730 | D:9      | Killed Joseph
  9791 | Bailey   | Entered a bailey
 10082 | Bailey   | magus.rc [v1.9.6]
 10120 | Bailey   | Identified a +0 crystal plate armour
 10490 | Bailey   | HP: 17/75 [centaur/javelin (14)]
 10836 | Bailey   | HP: 15/67 [centaur/+0 halberd (2)]
 10837 | Bailey   | HP: 7/67 [centaur/+0 spear (1)]
 10839 | Bailey   | HP: 1/67 [centaur/+0 spear (6)]
 10839 | Bailey   | Slain by a centaur

Vanquished Creatures
  A two-headed ogre (D:8)
  Joseph (D:9)
  Psyche (D:8)
  Sigmund (D:4)
  10 yaks
  Eustachio (D:4)
  2 steam dragons (D:7)
  Edmund (D:6)
  An acid dragon (D:6)
  Duvessa (D:5)
  14 orc warriors
  2 ice beasts (D:6)
  4 black bears
  A sky beast (D:7)
  An ogre (D:4)
  8 centaurs
  A phantom (D:6)
  2 kobold brigands
  Blork the orc (D:4)
  2 bullfrogs
  3 water moccasin zombies (Ossuary)
  3 scorpions
  A wyvern skeleton (D:6)
  Dowan (D:5)
  3 killer bees (D:8)
  5 howler monkeys
  5 hounds
  2 orc priests
  A bullfrog skeleton (D:6)
  5 jellies
  An iron imp (D:5)
  Terence (D:2)
  5 sleepcaps
  Jessica (D:3)
  5 iguanas
  4 orc wizards
  A killer bee zombie (D:6)
  2 mummies (Ossuary)
  A gnoll (D:3)
  11 adders
  A shadow imp (D:5)
  2 ufetubi
  5 adder zombies (Ossuary)
  4 worms
  5 dart slugs
  49 orcs
  9 endoplasms
  4 giant cockroaches
  3 gnoll zombies (Ossuary)
  10 goblins
  8 hobgoblins
  5 jackals
  17 kobolds
  5 quokkas
  10 ball pythons
  5 bats
  2 frilled lizards
  5 hobgoblin zombies (Ossuary)
  4 kobold zombies (Ossuary)
  6 orc zombies (Ossuary)
  7 rats
283 creatures vanquished.

Vanquished Creatures (others)
  A wyvern skeleton (D:6)
  A bullfrog zombie (D:6)
  A kobold (D:6)
  A bush (D:8)
  5 withered plants (D:6)
9 creatures vanquished.

Grand Total: 292 creatures vanquished

Table legend:
 A = Non-vault XP
 B = Vault XP
 C = Vault XP percentage of total XP
 D = Non-vault monster count
 E = Vault monster count
 F = Vault count percentage of total count
                 A         B        C        D         E       F
            +---------+---------+-------+---------+---------+-------
      Total |    7332 |    4820 |  39.7 |     172 |     111 |  39.2
            +---------+---------+-------+---------+---------+-------
        D:1 |      58 |       1 |   1.7 |      32 |       1 |   3.0
        D:2 |      10 |      38 |  79.2 |       6 |       1 |  14.3
        D:3 |     126 |      85 |  40.3 |      19 |      10 |  34.5
        D:4 |    1126 |     737 |  39.6 |      27 |      16 |  37.2
        D:5 |     500 |     251 |  33.4 |      25 |       4 |  13.8
        D:6 |    1002 |     300 |  23.0 |      22 |       4 |  15.4
        D:7 |    2515 |      45 |   1.8 |      19 |       1 |   5.0
        D:8 |    1815 |     493 |  21.4 |      19 |       2 |   9.5
        D:9 |     180 |     467 |  72.2 |       3 |       6 |  66.7
    Ossuary |       0 |     322 | 100.0 |       0 |      28 | 100.0
     Bailey |       0 |    2081 | 100.0 |       0 |      38 | 100.0
            +---------+---------+-------+---------+---------+-------

Illustrated notes

Table legend:
 A = Kills in this place as a percentage of kills in the entire game.
 B = Kills by you in this place as a percentage of kills by you in the entire game.
 C = Kills by friends in this place as a percentage of kills by friends in the entire game.
 D = Other kills in this place as a percentage of other kills in the entire game.
 E = Experience gained in this place as a percentage of experience gained in the entire game.
 F = Experience gained in this place divided by the number of levels of this place that you have seen.
                   A       B       C       D       E      F
               +-------+-------+-------+-------+-------+----------------------
         Total | 100.0 | 100.0 |   N/A |   N/A | 100.0 | 1012.7
       Dungeon |  76.7 |  76.7 |   N/A |   N/A |  80.2 | 1083.2
       Ossuary |   9.9 |   9.9 |   N/A |   N/A |   2.6 | 322.0
        Bailey |  13.4 |  13.4 |   N/A |   N/A |  17.1 | 2081.0
               +-------+-------+-------+-------+-------+----------------------

Table legend: (Time is in decaauts)
 A = Elapsed time spent in this place.
 B = Non-inter-level travel time spent in this place.
 C = Inter-level travel time spent in this place.
 D = Time resting spent in this place.
 E = Time spent auto-exploring this place.
 F = Levels seen in this place.
 G = Mean time per level.
                   A        B        C        D        E       F      G
               +--------+--------+--------+--------+--------+-----+--------+
         Total |  10905 |  10324 |    581 |    997 |   6900 |  12 |  908.8 |
       Dungeon |   9491 |   8944 |    547 |    588 |   6381 |   9 | 1054.6 |
        Temple |    149 |    115 |     34 |      0 |    106 |   1 |  149.0 |
       Ossuary |    228 |    228 |      0 |      0 |    110 |   1 |  228.0 |
        Bailey |   1036 |   1036 |      0 |    409 |    303 |   1 | 1036.0 |
               +--------+--------+--------+--------+--------+-----+--------+

Top non-repeatable levels by time:
     D:4: 1914 daAuts
     D:7: 1515 daAuts
     D:3: 1271 daAuts
     D:8: 1238 daAuts
     D:1: 1071 daAuts
  Bailey: 1036 daAuts
     D:6: 991 daAuts
     D:5: 750 daAuts
     D:2: 601 daAuts
 Ossuary: 228 daAuts
  Temple: 149 daAuts
     D:9: 137 daAuts
